 Dungeon Crawl Stone Soup version 0.22.1-1-ga44c0e56f4 (webtiles) character file.

11569 Ihlosi the Fighter (level 12, 0/99 HPs)
             Began as a Human Gladiator on Nov 10, 2018.
             Was a Priest of Elyvilon.
             Slain by a sun demon (17 damage)
             ... in a volcano.
             The game lasted 01:01:23 (15125 turns).

Ihlosi the Fighter (Human Gladiator)               Turns: 15125, Time: 01:01:23

Health: 0/99       AC: 17    Str: 15    XL:     12   Next: 9%
Magic:  4/18       EV: 15    Int: 12    God:    Elyvilon [***...]
Gold:   525        SH:  2    Dex: 18    Spells: 18/20 levels left

rFire    + . .     SeeInvis +   a - +4 long sword
rCold    . . .     Gourm    .   (no shield)
rNeg     . . .     Faith    .   n - +0 ring mail {rF+}
rPois    .         Spirit   .   h - +2 helmet
rElec    .         Reflect  +   e - +1 cloak
rCorr    .         Harm     .   (no gloves)
MR       .....                  (no boots)
Stlth    +.........             d - +2 amulet of reflection
HPRegen  0.26/turn              g - +6 ring of protection
MPRegen  0.16/turn              (no ring)

@: no status effects
A: see invisible, clever 1, wild magic 1
a: Lesser Healing, Heal Other, Purification, Divine Protection, Renounce
Religion


You were in a volcano.
You worshipped Elyvilon.
Elyvilon was most pleased with you.
You were hungry.

You visited 3 branches of the dungeon, and saw 13 of its levels.
You also visited: Sewer and Volcano.

You collected 525 gold pieces.

Inventory:

Hand Weapons
 a - a +4 long sword (weapon)
Missiles
 r - a throwing net (quivered)
Armour
 e - a +1 cloak (worn)
 h - a +2 helmet (worn)
 n - a +0 ring mail of fire resistance (worn)
Jewellery
 d - a +2 amulet of reflection (around neck)
 g - a +6 ring of protection (left hand)
 o - an uncursed ring of teleportation
Wands
 p - a wand of flame (23)
 u - a wand of polymorph (4)
Scrolls
 c - a scroll of amnesia
 i - 2 scrolls of teleportation
 j - 5 scrolls of enchant armour
 k - 2 scrolls of remove curse
 l - 5 scrolls of identify
 t - 3 scrolls of enchant weapon
Potions
 b - a potion of flight
 m - a potion of brilliance
 q - 2 potions of curing
Comestibles
 f - 6 rations


   Skills:
 * Level 10.7 Fighting
 - Level 9.0 Long Blades
 - Level 2.0 Throwing
 - Level 6.0 Armour
 - Level 6.0 Dodging
 - Level 1.0 Stealth
 * Level 4.5 Spellcasting
 * Level 4.8 Translocations
 * Level 5.9 Invocations
 - Level 3.0 Evocations


You had 18 spell levels left.
You knew the following spells:

 Your Spells              Type           Power        Failure   Level  Hunger
a - Blink                 Tloc           N/A          12%         2    ##.....

Your spell library contained the following spells:

 Spells                   Type           Power        Failure   Level  Hunger
 Flame Tongue             Conj/Fire      #....        45%         1    None
 Magic Dart               Conj           #...         45%         1    None
 Call Imp                 Summ           #.......     58%         2    ##.....
 Slow                     Hex            #.......     58%         2    ##.....
 Throw Flame              Conj/Fire      #.....       58%         2    ##.....
 Conjure Flame            Conj/Fire      #.......     82%         3    ###....
 Inner Flame              Hex/Fire       #.......     82%         3    ###....
 Mephitic Cloud           Conj/Pois/Air  #.......     82%         3    ###....
 Sticky Flame             Conj/Fire      #.......     99%         4    ####...
 Fireball                 Conj/Fire      #.........   100%        5    ######.


Dungeon Overview and Level Annotations

Branches:
Dungeon (10/15)            Temple (1/1) D:4            Lair (2/6) D:9
  Swamp: Lair:2-4    Shoals: Lair:2-4     Snake: Lair:2-4    Spider: Lair:2-4
    Orc: D:9-12

Altars:
Ashenzari
Cheibriados
Dithmenos
Elyvilon
Fedhas
Gozag
Hepliaklqana
Kikubaaqudgha
Makhleb
Nemelex Xobeh
Okawaru
Qazlal
Ru
Sif Muna
Trog
Uskayaw
Vehumet
Wu Jian
Xom
Yredelemnul
Zin
The Shining One

Shops:
D:5 *   D:7 %

Annotations:
D:8 exclusion: statue
D:10 Fannar
Lair:2 Erica


Innate Abilities, Weirdness & Mutations

You have supernaturally acute eyesight. (SInv)
Your mind is acute. (Int +2)
Your spells are a little harder to cast, but a little more powerful.


Message History

The sun demon hits you but does no damage.
You are healed.
You feel somewhat more hungry. The hell hound breathes flames at you.
The blast of flame hits the sun demon.
The sun demon completely resists.
The blast of flame misses you. The sun demon completely misses you.
You are healed.
You feel somewhat more hungry. The sun demon misses you.
You are healed.
You feel somewhat more hungry. The sun demon misses you.
You riposte.
You are feeling hungry.
You hit the sun demon.
The sun demon is almost dead.
You hit the sun demon.
The sun demon is almost dead.
The sun demon barely misses you.
You are healed.
You feel somewhat more hungry. The sun demon hits you!
* * * LOW HITPOINT WARNING * * *
You are engulfed in flames.
You resist.
* * * LOW HITPOINT WARNING * * *
The sun demon hits you!
You die...

≈≈≈≈§≈≈.# +.....+ #.≈§≈§≈≈≈
≈≈≈≈§≈§.# .8_8. #.§≈§§≈§≈
≈≈≈≈≈≈≈.# ... #..§§§§≈≈
≈≈§≈≈≈§.###++###'###++###.≈§§≈§§≈
≈§§§§≈≈.#......#.#......#§≈≈§≈≈≈§
≈§§≈≈≈..######.#.#.######.≈≈≈§≈§≈
§≈≈≈§≈§.# #h# #..≈≈§≈≈≈ ≈≈≈≈≈≈..#
#3# #§§§≈≈≈≈§ §≈≈≈≈≈≈.# #@#
#.§§≈§§≈§ ≈§≈≈§≈≈.# #.# #§≈§≈§≈≈§
≈≈§§§≈§.########'########.≈≈≈§≈≈§
§≈≈§≈§≈≈.............§§§..≈≈§≈§≈≈
≈≈§§≈≈≈≈≈.≈≈≈§§≈≈≈≈≈§§§§≈≈≈§§≈≈§§
≈≈§≈≈≈§≈≈§§≈§§≈§≈≈≈§§≈≈≈≈≈≈§≈≈≈≈≈
≈§≈≈≈≈≈≈≈§≈§§§≈§≈≈≈§§§§≈≈≈§§§≈≈≈≈
§§≈§≈≈≈§≈≈≈§≈≈≈≈≈§≈≈≈≈≈≈≈≈≈≈§§≈≈≈
≈≈≈§≈≈≈≈≈≈≈§§§§≈≈§≈≈≈≈≈≈≈≈§≈§≈§§.


You could see a sun demon and a hell hound.

Vanquished Creatures
  Pikel (D:5)
  2 ugly things (Volcano)
  A komodo dragon (Lair:1)
  A troll (D:8)
  5 blink frogs
  2 hippogriffs
  Sigmund (D:6)
  2 fire bats (Volcano)
  16 yaks
  A steam dragon (Volcano)
  Menkaure (D:6)
  2 water moccasins (Lair:1)
  2 porcupines
  Duvessa (D:5)
  2 ice beasts
  An orc warrior (D:9)
  3 phantoms
  4 sky beasts
  A necrophage (D:9)
  2 eyes of draining
  2 ogres
  4 centaurs
  A big kobold (D:8)
  3 crocodiles
  Blork the orc (D:5)
  9 bullfrogs
  Dowan (D:5)
  5 scorpions
  7 killer bees
  8 wights
  7 howler monkeys
  2 crimson imps
  A bullfrog zombie (D:4)
  5 lava snakes (Volcano)
  A jelly (D:7)
  A centaur skeleton (D:8)
  Crazy Yiuf (D:2)
  An orc priest (D:9)
  6 hounds
  2 iguanas
  Jessica (D:2)
  10 orc wizards
  4 worker ants
  A killer bee zombie (D:9)
  A hound skeleton (D:9)
  A hound zombie (D:5)
  A worker ant zombie (D:6)
  Robin (D:4)
  3 gnolls (D:8)
  A howler monkey skeleton (D:9)
  8 adders
  5 shadow imps
  3 oozes
  2 adder skeletons
  A worm (D:1)
  A dart slug (D:3)
  7 leopard geckos
  23 orcs
  A ball python (D:8)
  11 giant cockroaches
  16 goblins
  4 hobgoblins
  16 jackals
  18 kobolds
  2 quokkas (D:2)
  4 bats
  4 frilled lizards
  3 rats
  A spectral orc (D:4)
273 creatures vanquished.

Vanquished Creatures (others)
  A wizard (D:3)
  An orc wizard (D:9)
  3 fungi (Lair:2)
5 creatures vanquished.

Grand Total: 278 creatures vanquished

Notes
Turn   | Place    | Note
-------+----------+-------------------------------------------
     0 | D:1      | Ihlosi the Human Gladiator began the quest for the Orb.
     0 | D:1      | Reached XP level 1. HP: 16/16 MP: 1/1
   493 | D:1      | Reached XP level 2. HP: 22/22 MP: 2/2
   501 | D:1      | Reached skill level 1 in Stealth
   642 | D:1      | Reached skill level 1 in Armour
   870 | D:2      | Noticed Jessica
   898 | D:2      | Killed Jessica
   898 | D:2      | Reached skill level 3 in Fighting
   898 | D:2      | Reached XP level 3. HP: 29/29 MP: 3/3
  1037 | D:2      | Reached XP level 4. HP: 35/35 MP: 4/4
  1309 | D:2      | Found a runed door.
  1396 | D:2      | Found a deep blue altar of Sif Muna.
  1412 | D:3      | Found a shadowy altar of Dithmenos.
  1439 | D:2      | Learned a level 2 spell: Blink
  2025 | D:2      | Noticed Crazy Yiuf
  2036 | D:2      | Killed Crazy Yiuf
  2113 | D:3      | Reached XP level 5. HP: 41/41 MP: 5/5
  2650 | D:3      | Found a bloodstained altar of Trog.
  2651 | D:3      | Noticed a wizard
  2657 | D:3      | Killed a wizard
  2838 | D:4      | Noticed a phantom
  2882 | D:4      | Found a glowing drain.
  2886 | Sewer    | Entered a sewer
  3207 | Sewer    | Noticed a crocodile
  3231 | Sewer    | Gained mutation: You have supernaturally acute eyesight.
                  | (SInv) [potion of mutation]
  3231 | Sewer    | Gained mutation: Your spells are a little harder to cast,
                  | but a little more powerful. [potion of mutation]
  3231 | Sewer    | Gained mutation: Your mind is acute. (Int +2) [potion of
                  | mutation]
  3244 | Sewer    | Killed a crocodile
  3244 | Sewer    | Reached skill level 4 in Fighting
  3244 | Sewer    | Reached skill level 1 in Spellcasting
  3244 | Sewer    | Reached skill level 1 in Translocations
  3244 | Sewer    | Reached XP level 6. HP: 46/48 MP: 7/7
  3352 | D:4      | Found a glowing silver altar of Zin.
  3356 | D:4      | Killed a phantom
  3356 | D:4      | Reached XP level 7. HP: 52/54 MP: 8/8
  3358 | D:4      | Found an opulent altar of Gozag.
  3359 | D:4      | Found a hazy altar of Hepliaklqana.
  3359 | D:4      | Found a shattered altar of Ashenzari.
  3361 | D:4      | Found an ornate altar of the Wu Jian Council.
  3361 | D:4      | Found a hide-covered altar of Uskayaw.
  3362 | D:4      | Found an iron altar of Okawaru.
  3401 | D:4      | Reached skill level 1 in Evocations
  3420 | D:4      | Found a staircase to the Ecumenical Temple.
  3445 | D:4      | Noticed Robin
  3466 | D:4      | Killed Robin
  3680 | D:4      | Found a basalt altar of Yredelemnul.
  3762 | D:4      | Reached skill level 5 in Long Blades
  4102 | D:5      | Entered Level 5 of the Dungeon
  4213 | Temple   | Entered the Ecumenical Temple
  4236 | Temple   | Became a worshipper of Elyvilon the Healer
  4509 | D:5      | Noticed Blork the orc
  4510 | D:5      | Noticed Pikel
  4538 | D:4      | Reached XP level 8. HP: 35/61 MP: 8/10
  4560 | D:5      | Found Kadoucwa's Assorted Antiques.
  4627 | D:5      | Reached skill level 5 in Fighting
  5256 | D:5      | Noticed Dowan
  5258 | D:5      | Noticed Duvessa
  5280 | D:5      | Killed Dowan
  5280 | D:5      | Reached skill level 6 in Fighting
  5381 | D:5      | HP: 3/64 [Blork the orc/puff of flame (4)]
  5389 | D:6      | HP: 2/64 [adder (2)]
  5428 | D:6      | Noticed Sigmund
  5459 | D:6      | Reached * piety under Elyvilon
  5628 | D:6      | Noticed Menkaure
  5981 | D:7      | Reached XP level 9. HP: 67/71 MP: 13/13
  6101 | D:7      | Found Meneoj's Food Shoppe.
  6187 | D:7      | Reached ** piety under Elyvilon
  6244 | D:7      | Reached skill level 1 in Invocations
  6295 | D:7      | Reached skill level 7 in Fighting
  7007 | D:6      | Killed Menkaure
  7203 | D:6      | Killed Sigmund
  7337 | D:6      | Reached *** piety under Elyvilon
  7696 | D:5      | Killed Pikel
  7696 | D:5      | Reached XP level 10. HP: 45/80 MP: 14/14
  7943 | D:5      | Killed Blork the orc
  8016 | D:5      | Killed Duvessa
  8262 | D:7      | Reached skill level 8 in Fighting
  8596 | D:8      | Reached **** piety under Elyvilon
  8674 | D:8      | HP: 4/80 [ogre/giant club (24)]
  8679 | D:8      | HP: 4/80 [poisoned by a kobold]
  8759 | D:8      | Found a shimmering altar of Xom.
  8760 | D:8      | Found a shimmering altar of Xom.
  8760 | D:8      | Found a shimmering altar of Xom.
  8760 | D:8      | Found a shimmering altar of Xom.
  8761 | D:8      | Found a shimmering altar of Xom.
  8761 | D:8      | Found a shimmering altar of Xom.
  8762 | D:8      | Noticed a komodo dragon
  8762 | D:8      | a polar bear changed into a komodo dragon
  8803 | D:8      | Noticed a black mamba
  9273 | D:8      | Noticed a manticore
  9289 | D:8      | Noticed a cyclops
  9289 | D:8      | a manticore changed into a cyclops
  9476 | D:8      | Noticed a death drake
  9477 | D:8      | Noticed a death drake
  9479 | D:8      | Noticed a moth of wrath
  9479 | D:8      | a death drake changed into a moth of wrath
  9538 | D:8      | Noticed a glowing orange brain
  9747 | D:8      | Found a radiant altar of Vehumet.
  9835 | D:8      | Noticed a faun
  9945 | D:9      | Got a crude flail
  9948 | D:9      | Identified the +2 flail of the Shallot {drain, rElec Dex-4
                  | SInv Stlth+} (You found it on level 9 of the Dungeon)
 10156 | D:9      | Reached skill level 5 in Dodging
 10168 | D:9      | Reached skill level 5 in Armour
 10204 | D:9      | Reached XP level 11. HP: 71/87 MP: 15/15
 10290 | D:9      | Found a staircase to the Lair.
 10513 | D:9      | Reached skill level 9 in Fighting
 10533 | D:9      | Found a burning altar of Makhleb.
 11418 | D:10     | Entered Level 10 of the Dungeon
 11450 | D:10     | Noticed Fannar
 11530 | D:9      | Reached skill level 5 in Invocations
 11600 | Lair:1   | Entered Level 1 of the Lair of Beasts
 13877 | Lair:1   | Reached skill level 10 in Fighting
 14465 | Lair:2   | Noticed Erica
 14467 | Lair:2   | Noticed a six-headed hydra
 14591 | Lair:2   | Reached ***** piety under Elyvilon
 14602 | Lair:2   | Found a dark tunnel.
 14609 | Volcano  | Entered a volcano
 15066 | Volcano  | Found a bloodstained altar of Trog.
 15066 | Volcano  | Noticed a red ugly thing
 15066 | Volcano  | Noticed a sun demon
 15066 | Volcano  | Noticed a red ugly thing
 15085 | Volcano  | Killed a red ugly thing
 15085 | Volcano  | Reached XP level 12. HP: 38/99 MP: 15/18
 15119 | Volcano  | Elyvilon protects you from harm!
 15125 | Volcano  | Slain by a sun demon

Skill      XL: |  1  2  3  4  5  6  7  8  9 10 11 |
---------------+----------------------------------+-----
Stealth        | 1 |  1.0
Armour         | 1 2 3 5 6 |  6.0
Fighting       | 3 4 6 7 8 10 | 10.7
Spellcasting   | 1 2 3 4 |  4.5
Translocations | 1 3 4 |  4.8
Long Blades    | 4 5 6 7 8 9 |  9.0
Evocations     | 1 2 3 |  3.0
Invocations    | 3 4 5 |  5.9
Dodging        | 4 5 6 |  6.0
Throwing       | |  2.0

Action                   |  1- 3 |  4- 6 |  7- 9 | 10-12 || total
-------------------------+-------+-------+-------+-------++-------
Melee: Long sword        |    60 |   111 |   413 |   770 ||  1354
Throw: Throwing net      |       |     4 |       |       ||     4
 Cast: Blink             |       |       |       |     2 ||     2
Invok: Lesser Healing    |       |       |     1 |    10 ||    11
       Purification      |       |       |       |     2 ||     2
       Greater Healing   |       |       |       |     9 ||     9
Evoke: Wand              |       |     2 |    18 |    38 ||    58
  Use: Potion            |     2 |     6 |     7 |     5 ||    20
       Scroll            |       |     2 |     9 |     6 ||    17
 Stab: Sleeping          |     1 |     2 |       |     1 ||     4
       Held in net/web   |       |     2 |       |       ||     2
  Eat: Chunk             |       |     8 |     7 |    14 ||    29
       Ration            |       |       |     2 |     5 ||     7
Armor: Leather armour    |    30 |    75 |   207 |    36 ||   348
       Ring mail         |       |       |       |   253 ||   253
       Skin              |       |       |       |    17 ||    17
Dodge: Dodged            |    42 |   111 |   303 |   485 ||   941
Block: Other             |       |       |     4 |    37 ||    41
       Reflection        |       |       |       |     2 ||     2
       Rpst.: Long sword |    12 |    40 |    85 |   155 ||   292
